 Seeded DCSS version 0.27.1-3-gb3d3a73c9e (webtiles) character file.

Game seed: 20211019 (custom seed)

2535 jessy the Cudgeller (level 9, -5/70 (75) HPs)
             Began as a Minotaur Gladiator on Oct 19, 2021.
             Was a Priest of Dithmenos.
             Slain by a wight (6 damage)
             ... on level 7 of the Dungeon.
             The game lasted 00:39:22 (9171 turns).

jessy the Cudgeller (Minotaur Gladiator)            Turns: 9171, Time: 00:39:22

HP:   -5/70 (75)    AC: 10    Str: 24 (26) XL:     9   Next: 30%
MP:   8/8           EV: 10    Int:  4 (6)  God:    Dithmenos [***...]
Gold: 455           SH:  0    Dex: 12 (13) Spells: 8/8 levels left

rFire    + . .     SeeInvis .   P - +0 battleaxe
rCold    x . .     Faith    .   (shield currently unavailable)
rNeg     . . .     Spirit   .   F - +0 chain mail
rPois    .         Reflect  .   c - +0 hat
rElec    .         Harm     .   (no cloak)
rCorr    .         Rampage  .   (no gloves)
Will     .....                  (no boots)
Stlth    ..........             (no amulet)
HPRegen  0.21/turn              J - +6 ring of strength
MPRegen  0.11/turn              T - ring of fire

@: wreathed by umbra, drained
A: horns 2, retaliatory headbutt
a: Renounce Religion, Shadow Step


You were on level 7 of the Dungeon.
You worshipped Dithmenos.
Dithmenos was most pleased with you.
You visited 2 branches of the dungeon, and saw 8 of its levels.

You collected 455 gold pieces.

Inventory:

Hand Weapons
 l - a +3 whip
 o - a +0 shortbow
 r - a +0 dire flail
 A - a +3 short sword
 I - the +3 trident of Division {flame, rElec Str+2 Int-3}
   (You found it on level 5 of the Dungeon)

   It burns those it strikes, dealing additional fire damage.
   Str:       It affects your strength (+2).
   Int:       It affects your intelligence (-3).
   rElec:     It insulates you from electricity.
 M - a +3 hand axe of electrocution
 P - a +0 battleaxe (weapon)
 U - a +2 vorpal spear
Missiles
 d - 3 throwing nets
 p - 42 sling bullets
 q - 49 poisoned darts
 s - 165 stones
 u - 53 bolts
 G - 146 arrows
 R - 7 boomerangs
 S - 5 javelins
Armour
 b - a +0 leather armour
 c - a +0 hat (worn)
 k - a +0 robe
 n - a +0 kite shield
 B - a +0 leather armour
 C - a +0 ring mail
 F - a +0 chain mail (worn)
Jewellery
 g - a +4 ring of evasion
 J - a +6 ring of strength (left hand)
 N - a +4 ring of protection
 T - a ring of fire (right hand)
Wands
 v - a wand of paralysis (10)
 y - a wand of flame (12) (quivered)
Scrolls
 a - a scroll of holy word {unknown}
 f - 3 scrolls of magic mapping {unknown}
 i - 10 scrolls of identify {unknown}
 m - a scroll of vulnerability {unknown}
 t - a scroll of enchant armour {unknown}
 w - a scroll of blinking {unknown}
 x - 2 scrolls of enchant weapon {unknown}
 D - a scroll of fear {unknown}
 O - 3 scrolls of teleportation {unknown}
Potions
 e - a potion of degeneration
 h - 4 potions of curing
 j - 3 potions of attraction
 z - 2 potions of heal wounds {unknown}
 E - a potion of cancellation
 Q - a potion of lignification {unknown}


   Skills:
 + Level 6.0 Fighting
 + Level 3.9(7.2) Axes
 + Level 7.9(8.3) Maces & Flails
 + Level 5.1(5.7) Polearms
 + Level 2.2 Throwing
 + Level 7.4 Armour
 + Level 6.0 Dodging
 + Level 2.5 Stealth


You had 8 spell levels left.
You didn't know any spells.
Your spell library contained the following spells:

 Spells                   Type           Power      Damage    Failure   Level
 Foxfire                  Conj/Fire      0%         2x1d4     98%         1
 Corpse Rot               Necr/Air       N/A        N/A       99%         2
 Poisonous Vapours        Pois/Air       0%         N/A       99%         2
 Conjure Flame            Conj/Fire      0%         6-21      100%        3
 Ignite Poison            Fire/Tmut/Pois 0%         N/A       100%        3
 Inner Flame              Hex/Fire       0%         N/A       100%        3
 Sticky Flame             Conj/Fire      0%         2d3       100%        4
 Freezing Cloud           Conj/Ice/Air   0%         6-21      100%        5


Dungeon Overview and Level Annotations

Branches:
Dungeon (7/15)             Temple (1/1) D:4

Altars:
Dithmenos
Fedhas
Kikubaaqudgha
Okawaru
Ru
Sif Muna
Trog
Xom
Yredelemnul
Zin
The Shining One

Shops:
D:4 [


Innate Abilities, Weirdness & Mutations

You have a pair of horns on your head.
You reflexively headbutt those who attack you in melee.


Message History

The wight hits you but does no damage. Something hits you but does no damage.
The wight barely misses you. You furiously retaliate!
You headbutt the wight.
You destroy the wight!
Dithmenos accepts your kill. Something hits you. The bullfrog hits you.
* * * LOW HITPOINT WARNING * * *
The wight misses you.
The wight hits you with a +0 long sword.
* * * LOW HITPOINT WARNING * * *
Items here: )) ? [ †.
You barely miss the wight. Your headbutt misses the wight.
You closely miss the bullfrog. You miss something. You barely miss the wight.
The bullfrog barely misses you. You furiously retaliate!
You headbutt the bullfrog. Something hits you but does no damage.
The wight closely misses you. You furiously retaliate!
You headbutt the wight. The wight barely misses you. You furiously retaliate!
You headbutt the wight. The bullfrog misses you. You furiously retaliate!
You headbutt the bullfrog! Something hits you but does no damage.
It was a potion of degeneration.
There was something very wrong with that liquid.
You feel weakened.
You feel dopey.
You feel clumsy. The bullfrog closely misses you. The wight barely misses you.
The wight hits you with a +0 long sword!
* * * LOW HITPOINT WARNING * * *
Something hits you.
* * * LOW HITPOINT WARNING * * *
The bullfrog completely misses you. You furiously retaliate!
You headbutt the bullfrog. You slash the wight!
The wight is severely damaged.
You closely miss the bullfrog. You miss something.
You hit the wight but do no damage.
The wight hits you with a +2 great sword of freezing.
* * * LOW HITPOINT WARNING * * *
The wight freezes you.
* * * LOW HITPOINT WARNING * * *
The bullfrog hits you.
* * * LOW HITPOINT WARNING * * *
The wight hits you with a +0 long sword.
You die...

..# ... ##.###.##..#
.... ##.#
#...#.....# ..##. .#
###......# ..# .
.... ####......# ..#
.... #.......#####
.....##[..##.......
.......[[###......
......##.###......
.......{@z##..####
.....#.Fz..#..##
##...#.#.......####.
#......#...........
....##.#.##[.####..
.... ..#.##..# .##
##.#.##..#
.....#....#
...#.#.##.#


You could see a bullfrog and 2 wights.

Vanquished Creatures
  2 water moccasins
  An ice beast (D:6)
  2 ogres
  4 black bears
  2 necrophages
  2 centaurs (D:7)
  3 phantoms
  A bullfrog (D:7)
  2 scorpions
  A water moccasin skeleton (D:4)
  6 wights (D:7)
  A howler monkey (D:5)
  2 hounds
  2 orc priests
  2 jellies
  2 bullfrog skeletons (D:5)
  Jessica (D:2)
  Ijyb (D:4)
  3 iguanas
  3 orc wizards
  A hound skeleton (D:4)
  9 adders
  A howler monkey skeleton (D:4)
  An adder skeleton (D:4)
  A dart slug (D:5)
  14 orcs
  7 ball pythons
  6 endoplasms
  2 giant cockroaches
  7 goblins
  10 hobgoblins
  3 quokkas (D:1)
  6 bats
  3 frilled lizards
  10 kobolds
  4 rats
128 creatures vanquished.

Notes
Turn   | Place    | Note
-------+----------+-------------------------------------------
     0 | D:1      | jessy the Minotaur Gladiator began the quest for the Orb.
     0 | D:1      | Reached XP level 1. HP: 18/18 MP: 0/0
   576 | D:1      | Reached XP level 2. HP: 25/25 MP: 1/1
  1286 | D:2      | Found a faded altar of an unknown god.
  1312 | D:2      | Reached skill level 1 in Armour
  1430 | D:2      | Became a worshipper of Dithmenos the Shadowed
  1430 | D:2      | Reached * piety under Dithmenos
  1477 | D:2      | Reached XP level 3. HP: 30/30 MP: 2/2
  2181 | D:2      | Reached XP level 4. HP: 14/37 MP: 3/3
  2430 | D:2      | Noticed Jessica
  2436 | D:2      | Killed Jessica
  2802 | D:3      | Reached ** piety under Dithmenos
  3364 | D:4      | Noticed Ijyb
  3375 | D:4      | Killed Ijyb
  3376 | D:4      | Reached skill level 5 in Maces & Flails
  3376 | D:4      | Reached XP level 5. HP: 28/45 MP: 4/4
  3495 | D:4      | Reached skill level 1 in Stealth
  3586 | D:4      | Found Wucrivve's Antique Armour Boutique.
  3586 | D:4      | Noticed a water moccasin
  3593 | D:4      | Killed a water moccasin
  3594 | D:4      | Reached XP level 6. HP: 51/51 MP: 5/5
  3975 | D:4      | Found a staircase to the Ecumenical Temple.
  4010 | Temple   | Entered the Ecumenical Temple
  4087 | D:4      | Reached XP level 7. HP: 38/59 MP: 6/6
  4717 | D:5      | Entered Level 5 of the Dungeon
  4728 | D:5      | Reached skill level 5 in Dodging
  5189 | D:5      | Identified the +3 trident of Division {flame, rElec Str+2
                  | Int-3}
  5475 | D:5      | Reached skill level 1 in Polearms
  5477 | D:5      | Reached XP level 8. HP: 17/67 MP: 7/7
  6015 | D:5      | Found an iron altar of Okawaru.
  6107 | D:5      | Reached skill level 5 in Armour
  6130 | D:5      | Reached skill level 5 in Fighting
  7684 | D:6      | Reached skill level 1 in Axes
  7934 | D:6      | Reached skill level 5 in Polearms
  7934 | D:6      | Reached XP level 9. HP: 25/75 MP: 8/8
  9114 | D:7      | Reached *** piety under Dithmenos
  9171 | D:7      | HP: 2/70 [wight (4)]
  9171 | D:7      | Slain by a wight

Illustrated notes

Levels and vault maps discovered:
D:1:      heliophobic_arrival_battle_scene, layout_basic
D:2:      layout_rooms, basic_ecumenical_altar, uniq_jessica
D:3:      layout_rooms
D:4:      layout_basic, minmay_temple_entry_butterflies, serial_shops,
          kennysheep_little_box, uniq_ijyb
D:5:      layout_layer_cave, mainiacjoe_overflow_tiny_flanked, chequers_avenue
D:6:      layout_loops_ring, minivault_10
D:7:      layout_rooms
Temple:   hc_temple_tempest_star

Skill      XL: |  1  2  3  4  5  6  7  8  9 |
---------------+----------------------------+-----
Maces & Flails | 4 5 6 7 |  7.9
Armour         | 1 2 3 4 6 7 |  7.4
Dodging        | 4 5 6 |  6.0
Fighting       | 3 4 5 6 |  6.0
Stealth        | 1 2 |  2.5
Polearms       | 1 5 |  5.1
Axes           | 1 3 |  3.9
Throwing       | |  2.2

Action                   |  1- 3 |  4- 6 |  7- 9 || total
-------------------------+-------+-------+-------++-------
Melee: Flail             |    69 |    85 |    29 ||   183
       Headbutt          |     7 |    15 |    30 ||    52
       Trident           |       |       |    53 ||    53
       Battleaxe         |       |       |    45 ||    45
       Hand axe          |       |       |     6 ||     6
  Use: Potion            |       |       |     4 ||     4
Armor: Leather armour    |    21 |     5 |       ||    26
       Ring mail         |       |     7 |       ||     7
       Chain mail        |       |       |   116 ||   116
Dodge: Dodged            |    94 |    99 |   190 ||   383
